 Dungeon Crawl Stone Soup version 0.31-a0-632-g766dd24fdf (webtiles) character file.

Game seed: 1049926366539516012

92 thirtiethelement the Shooter (level 4, -8/34 HPs)
             Began as a Demonspawn Hunter on Aug 26, 2023.
             Mangled by an ogre
             ... wielding a +0 giant club
              (24 damage)
             ... on level 3 of the Dungeon.
             The game lasted 00:02:16 (1474 turns).

thirtiethelement the Shooter (Demonspawn Hunter)    Turns: 1474, Time: 00:02:17

Health: -8/34      AC:  5    Str: 12    XL:     4   Next: 35%
Magic:  4/4        EV: 12    Int: 16    God:
Gold:   142        SH:  0    Dex: 18    Spells: 3/3 levels left

rFire   . . .        a - +0 shortbow
rCold   . . .        (shield currently unavailable)
rNeg    . . .        c - +0 leather armour
rPois   .            (no helmet)
rElec   .            (no cloak)
rCorr   .            (no gloves)
SInv    .            (no boots)
Will    .....        (no amulet)
Stlth   ++           m - ring of flight
HPRegen 0.25/turn    n - +6 ring of intelligence
MPRegen 0.09/turn

%: no passive effects
@: flying
A: hooves 1, slimy green scales 1, demonic magic 1
a: no special abilities


You were on level 3 of the Dungeon.
You visited 1 branch of the dungeon, and saw 3 of its levels.

You collected 142 gold pieces.

Inventory:

Hand Weapons
 a - a +0 shortbow (weapon)
Armour
 c - a +0 leather armour (worn)
Jewellery
 m - a ring of flight (left hand)
 n - a +6 ring of intelligence (right hand)
Wands
 q - a wand of polymorph (11)
Scrolls
 b - a scroll of butterflies
 d - 4 scrolls of identify {unknown}
 e - a scroll of enchant armour {unknown}
 f - a scroll of revelation {unknown}
 h - a scroll of poison {unknown}
 l - a scroll of fog {unknown}
 p - a scroll of teleportation {unknown}
Potions
 g - a potion of berserk rage {unknown}
 i - 2 potions of might {unknown}
 j - a potion of curing {unknown}
 k - a potion of brilliance {unknown}
 o - a potion of enlightenment {unknown}


   Skills:
 + Level 2.6 Fighting
 + Level 4.6 Ranged Weapons
 + Level 1.4 Armour
 + Level 2.0 Dodging
 + Level 0.9 Stealth


You had 3 spell levels left.
You didn't know any spells.
Your spell library was empty.

Dungeon Overview and Level Annotations

Branches:
Dungeon (3/15)

Altars:


Innate Abilities, Weirdness & Mutations

You have large cloven feet.
You are partially covered in slimy green scales. (AC +2)
Spells you cast may paralyse adjacent enemies.


Message History

A bat comes into view.
You shoot an arrow. The arrow hits the bat!
You kill the bat!
No target in view!
No target in view!
No target in view!
No target in view!
No target in view!
No target in view!
No target in view!
No target in view!
No target in view!
No target in view!
No target in view!
No target in view!
No target in view!
No target in view!
An ogre comes into view. It is wielding a +0 giant club.
The ogre shouts!
You see here 18 gold pieces.
You shoot an arrow. The arrow hits the ogre.
The ogre is lightly wounded.
You shoot an arrow. The arrow hits the ogre.
The ogre is moderately wounded.
You shoot an arrow. The arrow closely misses the ogre.
You shoot an arrow. The arrow barely misses the ogre.
You shoot an arrow.
The arrow hits the ogre but does no damage.
The ogre is moderately wounded.
The ogre barely misses you.
You shoot an arrow. The arrow barely misses the ogre.
The ogre closely misses you.
You shoot an arrow. The arrow barely misses the ogre.
The ogre hits you with a +0 giant club!!
Ouch! That really hurt!
You are too injured to fight recklessly!
The ogre attacks as it pursues you!
The ogre hits you with a +0 giant club!!
Ouch! That really hurt!
You die...

#.######
#......#
######.# # #.#
.# ###†####.##
#.........##
#.#.##.....#
####.#.#.......
#.....@O.......
...##.#.$.......
#.#..#.....#
#..>......##
..##..###### ...
.... .. ##... .
#.... ##...


You could see an ogre.

Vanquished Creatures
  Terence (D:2)
  3 adders
  A worm (D:2)
  3 endoplasms
  2 giant cockroaches
  3 goblins
  5 hobgoblins
  2 kobolds (D:1)
  6 ball pythons
  3 bats
  2 frilled lizards (D:2)
  7 rats
38 creatures vanquished.

Notes
Turn   | Place    | Note
-------+----------+-------------------------------------------
     0 | D:1      | thirtiethelement the Demonspawn Hunter began the quest for
                  | the Orb.
     0 | D:1      | Reached XP level 1. HP: 16/16 MP: 1/1
    89 | D:1      | Found a faded altar of an unknown god.
   271 | D:1      | Gained mutation: You are partially covered in slimy green
                  | scales. (AC +2) [demonic ancestry]
   271 | D:1      | Reached XP level 2. HP: 22/22 MP: 2/2
   298 | D:1      | Reached skill level 4 in Ranged Weapons
  1013 | D:2      | Gained mutation: Spells you cast may paralyse adjacent
                  | enemies. [demonic ancestry]
  1013 | D:2      | Reached XP level 3. HP: 28/28 MP: 3/3
  1063 | D:2      | Reached skill level 1 in Armour
  1150 | D:2      | Noticed Terence
  1159 | D:2      | Killed Terence
  1160 | D:2      | Gained mutation: You have large cloven feet. [demonic
                  | ancestry]
  1160 | D:2      | Reached XP level 4. HP: 25/34 MP: 4/4
  1466 | D:3      | Noticed an ogre
  1474 | D:3      | Mangled by an ogre

Illustrated notes

Levels and vault maps discovered:
D:1:      lightli_iron_boxes, layout_loops_ring, shapermc_ecumenical_altar_venn,
          serial_bayou_pond_c
D:2:      layout_basic, uniq_terence
D:3:      layout_loops_ring

Skill      XL: |  1  2  3 |
---------------+----------+-----
Ranged Weapons | 4 |  4.6
Armour         | 1 |  1.4
Dodging        | 2 |  2.0
Fighting       | |  2.6
Stealth        | |  0.9

Action                     |  1- 3 |  4- 6 || total
---------------------------+-------+-------++-------
   Fire: Shortbow          |    86 |    31 ||   117
 Armour: Leather armour    |     7 |     7 ||    14
  Dodge: Dodged            |    16 |    11 ||    27

Table legend: (Time is in decaauts)
 A = Elapsed time spent in this place.
 B = Non-inter-level travel time spent in this place.
 C = Inter-level travel time spent in this place.
 D = Time resting spent in this place.
 E = Time spent auto-exploring this place.
 F = Levels seen in this place.
 G = Mean time per level.
                   A        B        C        D        E       F      G
               +--------+--------+--------+--------+--------+-----+--------+
         Total |   1505 |   1460 |     45 |      0 |   1227 |   3 |  501.7 |
       Dungeon |   1505 |   1460 |     45 |      0 |   1227 |   3 |  501.7 |
               +--------+--------+--------+--------+--------+-----+--------+

Top non-repeatable levels by time:
     D:2: 757 daAuts
     D:1: 661 daAuts
     D:3: 86 daAuts
